 Dungeon Crawl Stone Soup version 0.29.1-2-gbd0b4ee654 (webtiles) character file.

Game seed: 12774903042210396147

211 Sabo the Trooper (level 5, -1/33 HPs)
             Began as a Gargoyle Berserker on Nov 13, 2022.
             Was a Believer of Trog.
             Killed from afar by Natasha (8 damage)
             ... with a magic dart
             ... on level 3 of the Dungeon.
             The game lasted 00:16:11 (3445 turns).

Sabo the Trooper (Gargoyle Berserker)               Turns: 3445, Time: 00:16:12

Health: -1/33      AC:  0    Str: 22    XL:     5   Next: 88%
Magic:  5/5        EV: 19    Int:  8    God:    Trog [**....]
Gold:   121        SH:  0    Dex: 14    Spells: 4/4 levels left

rFire   . . .      SeeInvis .   (weapon currently unavailable)
rCold   . . .      Faith    .   (shield currently unavailable)
rNeg    + . .      Spirit   .   (body armour currently unavailable)
rPois   ∞          Reflect  .   (helmet currently unavailable)
rElec   .          Harm     .   (cloak currently unavailable)
rCorr   .          Rampage  .   (gloves currently unavailable)
Will    .....                   (boots currently unavailable)
Stlth   ++........              (no amulet)
HPRegen 0.11/turn               (ring currently unavailable)
MPRegen 0.09/turn               (ring currently unavailable)

@: bat-form, flying, very quick
A: fast, flying, no casting, sickness immunity, AC +4, tiny, negative energy
resistance 1, (electricity resistance), torment resistance 1, petrification
resistance
a: Renounce Religion, Berserk, Trog's Hand


You were on level 3 of the Dungeon.
You worshipped Trog.
Trog was pleased with you.
You were a bat.
You visited 1 branch of the dungeon, and saw 3 of its levels.

You collected 121 gold pieces.

Inventory:

Hand Weapons
 c - a +0 mace of protection
 g - a +0 sling
 p - a +3 dagger (melded)
 B - a +0 war axe
Missiles
 d - 12 poisoned darts (quivered)
Armour
 h - a scarf of resistance (melded)
 q - a +0 plate armour (melded)
 r - a +0 helmet (melded)
 A - a +0 pair of gloves (melded)
Jewellery
 e - a ring of protection from cold
 x - a ring of see invisible (melded)
 y - a +4 ring of protection (melded)
Wands
 a - a wand of flame (23)
 s - a wand of mindburst (5)
Scrolls
 b - a scroll of noise {unknown}
 i - 2 scrolls of fog
 k - a scroll of poison
 l - a scroll of amnesia {unknown}
 o - a scroll of enchant armour {unknown}
 t - a scroll of magic mapping {unknown}
 u - a scroll of teleportation {unknown}
 v - a scroll of vulnerability {unknown}
 w - 4 scrolls of enchant weapon {unknown}
 z - 2 scrolls of identify {unknown}
Potions
 f - a potion of attraction {unknown}
 j - 3 potions of curing {unknown}
 m - 3 potions of might {unknown}
 n - a potion of heal wounds {unknown}


   Skills:
 + Level 4.0 Fighting
 + Level 2.0 Short Blades
 + Level 3.0(3.3) Axes
 + Level 1.8(2.8) Maces & Flails
 + Level 3.3 Armour
 + Level 2.6 Dodging
 + Level 0.6 Stealth


You had 4 spell levels left.
You didn't know any spells.
Your spell library was empty.

Dungeon Overview and Level Annotations

Branches:
Dungeon (3/15)

Altars:
Qazlal
Ru

Annotations:
D:3 Natasha


Innate Abilities, Weirdness & Mutations

You are a bat.
You are tiny and dextrous.
You move quickly.
You are flying.
Your equipment is almost entirely melded.
You are incapable of wielding weapons or throwing items.
You cannot cast spells.
You are immune to sickness and miasma.
((Your stone body is resilient. (AC +4)))
You are immune to poison.
You resist negative energy. (rN+)
((You are resistant to electric shocks. (rElec)))
You are resistant to unholy torment.
You are immune to petrification.


Message History

Natasha hisses angrily.
Natasha extends her claws.
You hit the ball python.
You kill the ball python!
Trog accepts your kill.
Natasha mumbles some strange words.
The crimson imp shouts!
Natasha zaps a wand.
You turn into a bat.
Your +3 dagger melds into your body.
Your scarf of resistance melds into your body.
Your +0 helmet melds into your body.
Your +0 pair of gloves melds into your body.
Your +0 plate armour melds into your body.
Your +4 ring of protection melds into your body.
Your ring of see invisible melds into your body.
You feel hot and cold all over.
You hit Natasha but do no damage.
Natasha stares at you and mumbles some strange words.
The magic dart hits you!
You hit Natasha but do no damage. Natasha misses you.
You hit Natasha.
Natasha is lightly wounded.
The crimson imp completely misses you. Natasha completely misses you.
You hit Natasha but do no damage.
Natasha is lightly wounded.
The crimson imp closely misses you. Natasha completely misses you.
You hit Natasha.
Natasha is lightly wounded.
The crimson imp blinks!
Natasha claws you.
You hit Natasha but do no damage.
Natasha is lightly wounded.
You hit Natasha.
Natasha is moderately wounded.
Natasha casts a spell at you. The magic dart hits you!
* * * LOW HITPOINT WARNING * * *
You hit Natasha but do no damage.
Natasha is moderately wounded.
Natasha stares at you and mumbles some strange words.
The magic dart hits you!
You die...

###...###..#
###.#....#
#.#....#
#.#....#
#......#
###.####
###### #..#
#....#
##.####
#....#
#...b###....#
####
####h§##....#
#...
#...........#
#.##
#...........#
#.#.
#........####
#.#)
#........#
####.#.
#........##
#....†.
########..##
#..#.#.
##..##
#..#.#.


You could see Natasha.

Vanquished Creatures
  Ijyb (D:3)
  Jessica (D:3)
  Natasha (twice) (D:3)
  4 adders (D:2)
  A worm (D:2)
  A dart slug (D:2)
  7 ball pythons
  12 bats
  5 endoplasms
  4 giant cockroaches
  6 goblins
  8 hobgoblins
  6 jackals
  5 frilled lizards
  2 kobolds
  3 rats
68 creatures vanquished.

Notes
Turn   | Place    | Note
-------+----------+-------------------------------------------
     0 | D:1      | Sabo the Gargoyle Berserker began the quest for the Orb.
     0 | D:1      | Reached XP level 1. HP: 14/14 MP: 1/1
   333 | D:1      | Found a faded altar of an unknown god.
   392 | D:1      | Reached XP level 2. HP: 13/19 MP: 2/2
   776 | D:1      | Reached skill level 1 in Maces & Flails
   898 | D:1      | Reached ** piety under Trog
   931 | D:1      | Reached XP level 3. HP: 23/23 MP: 3/3
  1695 | D:2      | Reached XP level 4. HP: 27/29 MP: 4/4
  2193 | D:2      | Reached skill level 1 in Short Blades
  2742 | D:3      | Found a sacrificial altar of Ru.
  2858 | D:3      | Noticed Jessica
  2867 | D:3      | Noticed Ijyb
  2903 | D:3      | Killed Ijyb
  2904 | D:3      | Reached XP level 5. HP: 33/33 MP: 5/5
  2906 | D:3      | Killed Jessica
  3014 | D:3      | Found a stormy altar of Qazlal.
  3017 | D:3      | Noticed an air elemental
  3017 | D:3      | Noticed a water elemental
  3017 | D:3      | Noticed a fire elemental
  3235 | D:3      | Noticed Natasha
  3258 | D:3      | Killed Natasha
  3259 | D:3      | Reached skill level 4 in Fighting
  3330 | D:3      | Noticed Natasha
  3336 | D:3      | Killed Natasha
  3434 | D:3      | Noticed Natasha
  3445 | D:3      | Killed from afar by Natasha

Illustrated notes

Levels and vault maps discovered:
D:1:      onia_arrival_mini_spirals, layout_loops_ring,
          shapermc_ecumenical_altar_venn, minmay_vboxes
D:2:      minmay_door_path, layout_loops_ring, minmay_bisected
D:3:      layout_basic, nicolae_ru_sacrificial_ziggurat,
          nicolae_qazlal_style_of_elements, minivault_27, uniq_jessica,
          uniq_natasha, uniq_ijyb

Skill      XL: |  1  2  3  4  5 |
---------------+----------------+-----
Axes           | 3 |  3.0
Maces & Flails | 1 |  1.8
Dodging        | 2 |  2.6
Short Blades   | 1 2 |  2.0
Armour         | 3 |  3.3
Fighting       | 4 |  4.0
Stealth        | |  0.6

Action                   |  1- 3 |  4- 6 || total
-------------------------+-------+-------++-------
Melee: Mace              |    65 |       ||    65
       Dagger            |    76 |   142 ||   218
       Punch             |     2 |     2 ||     4
       Unarmed           |       |    12 ||    12
Invok: Berserk           |     1 |     1 ||     2
  Use: Scroll            |     2 |     1 ||     3
Armor: Animal skin       |    34 |       ||    34
       Scale mail        |    52 |       ||    52
       Plate armour      |    27 |   126 ||   153
       Skin              |       |     7 ||     7
Dodge: Dodged            |   104 |    65 ||   169
